Map: Baie de réparation EC

Players

Георгий

  • Race: Protoss Protoss
  • League: Gold
  • Spawn Location: 7:00

defer - Winner!

  • Race: Terran Terran
  • League: Diamond
  • Spawn Location: 1:00

VOD

Have the link to the VOD?

Description

Time

  • Played on: July 26, 2017, 4:37 a.m.
  • Length: 3:20
Show
View Real Time Build Order
Export as new Build Order

Георгий Protoss 

Build Orders:  

Get SALT Encoding   

  12  0:01  Probe (Chrono Boost)  
  13  0:11  Probe (Chrono Boost)  
  14  0:18  Pylon  
  14  0:23  Probe (Chrono Boost)  
  15  0:37  Probe (Chrono Boost)  
  15  0:40  Gateway  
  16  0:47  Probe (Chrono Boost)  
  16  0:48  Assimilator  
  17  0:57  Assimilator  
  17  0:58  Probe (Chrono Boost)  
  18  1:08  Probe (Chrono Boost)  
  19  1:15  Pylon  
  19  1:19  Probe (Chrono Boost)  
  20  1:29  Probe (Chrono Boost)  
  20  1:30  Cybernetics Core  
  21  1:40  Probe (Chrono Boost)  
  22  1:50  Probe (Chrono Boost)  
  23  2:01  Nexus  
  23  2:05  Pylon  
  23  2:14  Stargate  
  23  2:31  Mothership Core (Chrono Boost)  
Show
View Real Time Build Order
Export as new Build Order

defer Terran - Winner!

Build Orders: Cyclone Opening 

Get SALT Encoding   

  12  0:08  Supply Depot  
  12  0:13  SCV  
  13  0:32  Barracks  
  13  0:39  Refinery  
  13  0:45  Refinery  
  13  0:50  SCV  
  14  1:02  SCV  
  15  1:14  SCV  
  16  1:24  Factory  
  16  1:34  Barracks Reactor  
  16  2:15  Cyclone x2  
  22  2:18  Supply Depot  
  22  2:47  Cyclone  
Tags
 
Add a new tag
Caveats
  • Supply blocks, unpowered buildings, or Contaminate may cause inaccurate times.
  • Supply counts are checked every 10 seconds.